 Dungeon Crawl Stone Soup version 0.31.0-12-g77e489cdc1 (webtiles) character file.

Game seed: 2348632493390435933

597 Metae the Covered (level 7, 0/60 HPs)
             Began as a Minotaur Fighter on Feb 25, 2024.
             Slain by Eustachio
             ... wielding a +4 rapier of venom
              (6 damage)
             ... on level 5 of the Dungeon.
             The game lasted 00:06:05 (3969 turns).

Metae the Covered (Minotaur Fighter)                Turns: 3969, Time: 00:06:10

Health: 0/60       AC: 10    Str: 22    XL:     7   Next: 17%
Magic:  6/6        EV: 10    Int:  5    God:
Gold:   191        SH:  4    Dex: 10    Spells: 6/6 levels left

rFire   . . .        a - +0 trident
rCold   . . .        c - +0 buckler
rNeg    . . .        z - +2 scale mail {Will+}
rPois   .            (helmet restricted)
rElec   .            (no cloak)
rCorr   .            (no gloves)
SInv    .            h - +0 pair of boots
Will    +....        (no amulet) Stlth
                     (no ring)
HPRegen 0.30/turn    (no ring)
MPRegen 0.10/turn

%: no passive effects
@: lethally poisoned (0 -> -14)
A: horns 2, retaliatory headbutt
a: no special abilities


You were on level 5 of the Dungeon.
You visited 1 branch of the dungeon, and saw 5 of its levels.

You collected 191 gold pieces.

Inventory:

Hand Weapons
 a - a +0 trident (weapon)
Missiles
 b - 2 throwing nets
 m - 4 javelins (quivered)
 p - 3 curare-tipped darts
 y - 3 boomerangs
Armour
 c - a +0 buckler (worn)
 h - a +0 pair of boots (worn)
 z - a +2 scale mail of willpower (worn)
Jewellery
 i - an amulet of guardian spirit
 C - a ring of fire
Scrolls
 e - a scroll of poison {unknown}
 g - 3 scrolls of revelation
 j - a scroll of immolation {unknown}
 l - 4 scrolls of identify {unknown}
 o - a scroll of blinking {unknown}
 q - 2 scrolls of enchant weapon {unknown}
 u - a scroll of noise {unknown}
 v - a scroll of summoning {unknown}
 B - a scroll of teleportation {unknown}
Potions
 d - a potion of might
 f - a potion of invisibility {unknown}
 k - 2 potions of enlightenment {unknown}
 n - 3 potions of berserk rage {unknown}
 r - 2 potions of lignification {unknown}
 s - 2 potions of mutation {unknown}
 t - a potion of attraction {unknown}
 w - a potion of cancellation {unknown}
 x - 2 potions of brilliance {unknown}
 A - a potion of heal wounds {unknown}


   Skills:
 + Level 4.7 Fighting
 + Level 5.3 Polearms
 + Level 5.3 Armour
 * Level 3.9 Dodging
 + Level 1.5 Stealth
 + Level 4.7 Shields


You had 6 spell levels left.
You didn't know any spells.
Your spell library contained the following spells:

 Spells                   Type           Power      Damage    Failure   Level
 Jinxbite                 Hex            0%         N/A       94%         2
 Yara's Violent Unravell  Hex/Alch       0%         3d3       100%        5
 Enfeeble                 Hex            0%         N/A       100%        7


Dungeon Overview and Level Annotations

Branches:
Dungeon (5/15)
 Temple: D:4-7

Altars:
Fedhas
Kikubaaqudgha

Annotations:
D:5 Eustachio


Innate Abilities, Weirdness & Mutations

You have a pair of horns on your head.
You reflexively headbutt those who attack you in melee.


Message History

Eustachio is moderately wounded.
You feel sick. The bat barely misses you. The bat hits you.
The bat hits you but does no damage. You block the rat's attack.
The sleepcap closely misses you.
Eustachio hits you with a +4 rapier of venom.
You are more poisoned.
You hit Eustachio but do no damage.
You headbutt Eustachio, but do no damage.
Eustachio is moderately wounded.
You feel very sick. The bat hits you but does no damage. The rat bites you.
The sleepcap releases spores at you!
You are engulfed in a cloud of soporific spores!
You are unaffected.
Eustachio mumbles some strange words.
You hit Eustachio but do no damage.
Eustachio is moderately wounded.
You feel very sick. The rat bites you but does no damage.
The quokka barely misses you. You furiously retaliate!
You headbutt the quokka!
You kill the quokka!
The quokka's corpse disappears in a puff of smoke!
You block the sleepcap's attack.
Eustachio hits you with a +4 rapier of venom!
* * * LOW HITPOINT WARNING * * *
You are lethally poisoned!
You closely miss Eustachio.
Eustachio is moderately wounded.
* * * LOW HITPOINT WARNING * * *
You feel very sick. The bat hits you but does no damage.
The rat closely misses you. Eustachio closely misses you.
The sleepcap barely misses you. You furiously retaliate!
You headbutt the sleepcap.
* * * LOW HITPOINT WARNING * * *
You feel very sick. The bat closely misses you. The rat closely misses you.
The sleepcap releases spores at you but does no damage.
Eustachio hits you with a +4 rapier of venom.
You die...
Eustachio twirls his moustache.

..# .# ... ..
. #.. .#
>.###.. .## #
....... ..#.#
..... ..ยง.#
...##..##b.#
........@@.#
...##..f.r..#
##.##...# #.
...# .. .....
... .....#
.... ..#.##
####. ..#.#


You could see Eustachio, a sleepcap, a bat (summoned) and a rat (summoned).

Vanquished Creatures
  Sigmund (D:3)
  An ogre (D:4)
  A scorpion (D:4)
  A hound (D:4)
  2 orc wizards (D:4)
  Robin (D:2)
  7 adders
  3 gnolls (D:4)
  A white imp (D:5)
  2 dart slugs
  2 ribbon worms
  3 orcs (D:4)
  9 endoplasms
  5 giant cockroaches
  12 goblins
  8 hobgoblins
  2 jackals (D:2)
  4 kobolds
  3 quokkas
  8 ball pythons
  4 bats
  4 frilled lizards
  6 rats
90 creatures vanquished.

Vanquished Creatures (others)
  A human (D:3)
1 creature vanquished.

Grand Total: 91 creatures vanquished

Notes
Turn   | Place    | Note
-------+----------+-------------------------------------------
     0 | D:1      | Metae the Minotaur Fighter began the quest for the Orb.
     0 | D:1      | Reached XP level 1. HP: 19/19 MP: 0/0
   372 | D:1      | Reached XP level 2. HP: 23/27 MP: 1/1
  1096 | D:2      | Reached XP level 3. HP: 27/33 MP: 2/2
  1235 | D:2      | Noticed Robin
  1257 | D:2      | Reached skill level 1 in Dodging
  1273 | D:2      | Killed Robin
  1279 | D:2      | Reached XP level 4. HP: 25/40 MP: 3/3
  1521 | D:2      | Found a blossoming altar of Fedhas.
  2245 | D:3      | Noticed Sigmund
  2261 | D:3      | Killed Sigmund
  2262 | D:3      | Reached XP level 5. HP: 30/47 MP: 4/4
  2268 | D:3      | Reached XP level 6. HP: 20/53 MP: 5/5
  2655 | D:3      | Found an ancient bone altar of Kikubaaqudgha.
  2663 | D:3      | Found a faded altar of an unknown god.
  2718 | D:3      | Noticed a human
  2720 | D:3      | Killed a human
  3100 | D:4      | Reached skill level 5 in Armour
  3458 | D:4      | Reached skill level 5 in Polearms
  3540 | D:4      | Reached skill level 1 in Stealth
  3540 | D:4      | Reached XP level 7. HP: 60/60 MP: 6/6
  3954 | D:5      | Entered Level 5 of the Dungeon
  3954 | D:5      | Noticed Eustachio
  3969 | D:5      | Slain by Eustachio

Illustrated notes

Levels and vault maps discovered:
D:1:      dpeg_arrival_short_road, layout_loops_corners
D:2:      wad_lake_hut, layout_loops_ring, serial_rivers,
          chequers_serial_rivers_small_a, chequers_serial_rivers_large_b,
          chequers_serial_rivers_room_a, chequers_serial_rivers_marsh,
          chequers_serial_rivers_small_3, basic_altar, dk_vineyard_1,
          amcnicky_mini_rare_corridor_liquid, hangedman_feature_mirror,
          kennysheep_cross_bottleneck, minmay_pentomino_u4, uniq_robin
D:3:      layout_basic, tgw_kikubaaqudgha, shapermc_ecumenical_altar_acropolis,
          uniq_sigmund
D:4:      layout_loops_ring, nicolae_concentric_dashed_squares_wild
D:5:      layout_basic, lemuel_round_altar, reono_crystal_passage,
          kb_lookout_dungeons_type, supply_closet_lemuel,
          minmay_misc_feat_columns, uniq_menkaure, uniq_eustachio

Skill      XL: |  1  2  3  4  5  6 |
---------------+-------------------+-----
Shields        | 4 |  4.7
Armour         | 4 5 |  5.3
Dodging        | 1 2 3 |  3.9
Fighting       | 4 |  4.7
Polearms       | 3 4 5 |  5.3
Stealth        | 1 |  1.5

Action                     |  1- 3 |  4- 6 |  7- 9 || total
---------------------------+-------+-------+-------++-------
  Melee: Trident           |    98 |   162 |    37 ||   297
         Headbutt          |    10 |    23 |     6 ||    39
    Use: Scroll            |       |     1 |       ||     1
 Armour: Scale mail        |    64 |    92 |    29 ||   185
  Dodge: Dodged            |    38 |    44 |    24 ||   106
  Block: Buckler           |    27 |    22 |     8 ||    57
